 Dungeon Crawl Stone Soup version 0.31-a0-618-g7ca08c1ff9 (webtiles) character file.

Game seed: 16092750963341756076

47 pascalblue the Grave Robber (level 3, -3/19 HPs)
             Began as a Deep Elf Necromancer on Aug 22, 2023.
             Slain by Crazy Yiuf
             ... wielding a +2 quarterstaff of chaos
              (12 damage)
             ... on level 2 of the Dungeon.
             The game lasted 00:05:27 (1769 turns).

pascalblue the Grave Robber (Deep Elf Necromancer)  Turns: 1769, Time: 00:05:28

Health: -3/19      AC:  2    Str:  5    XL:     3   Next: 48%
Magic:  6/10       EV: 12    Int: 21    God:
Gold:   87         SH:  0    Dex: 15    Spells: 6/10 levels left

rFire   . . .        e - +1 dagger
rCold   . . .        f - orb {mayhem}
rNeg    . . .        a - +0 robe
rPois   .            (no helmet)
rElec   .            (no cloak)
rCorr   .            (no gloves)
SInv    .            (no boots)
Will    .....        (no amulet)
Stlth   ++           (no ring)
HPRegen 0.23/turn    (no ring)
MPRegen 0.12/turn

%: mayhem
@: lethally poisoned (-3 -> -13)
A: no striking features
a: no special abilities


You were on level 2 of the Dungeon.
You visited 1 branch of the dungeon, and saw 2 of its levels.

You collected 87 gold pieces.

Inventory:

Hand Weapons
 e - a +1 dagger (weapon)
Armour
 a - a +0 robe (worn)
 f - an orb of mayhem (worn)
Jewellery
 c - an amulet of faith
Scrolls
 d - 2 scrolls of identify
 h - a scroll of teleportation
Potions
 b - 3 potions of magic
 g - a potion of curing


   Skills:
 - Level 2.4 Dodging
 - Level 2.4 Stealth
 * Level 4.3 Spellcasting
 + Level 5.7 Necromancy


You had 6 spell levels left.
You knew the following spells:

 Your Spells              Type           Power      Damage    Failure   Level
a - Necrotise             Necr           100%       1d9       1%          1
b - Vampiric Draining     Necr           28%        2d8       3%          3

Your spell library contained the following spells:

 Spells                   Type           Power      Damage    Failure   Level
 Animate Dead             Necr           28%        N/A       11%         4
 Agony                    Necr           28%        N/A       30%         5


Dungeon Overview and Level Annotations

Branches:
Dungeon (2/15)

Altars:

Shops:
D:2 ?

Annotations:
D:2 Crazy Yiuf


Message History

There is an open door here.
Casting: Necrotise (safe; 1% risk of failure)
Confirm with . or Enter, or press ? or * to list all spells.
Aiming: Necrotise (safe; 1% risk of failure)
Press: ? - help, Shift-Dir - straight line, f - ball python
Aim: a ball python (asleep, chance to affect: 93%)
The ball python hisses angrily.
The ball python writhes in agony.
You kill the ball python!
You swap places.
Your ball python skeleton crumbles into dust!
Found a hammer.
Found a runed translucent door.
There is an open door here.
There is an open door here.
There is an open door here.
Found a sling.
There is an open door here.
There is an open door here.
There is an open door here.
You open the door.
Crazy Yiuf whimpers, "Aardvark water koolooloo!"
Casting: Necrotise (safe; 1% risk of failure)
Confirm with . or Enter, or press ? or * to list all spells.
Aiming: Necrotise (safe; 1% risk of failure)
Press: ? - help, Shift-Dir - straight line, f - Crazy Yiuf
Aim: Crazy Yiuf, wielding a +2 quarterstaff of chaos and wearing a +0 cloak (chance to affect: 88%) Crazy Yiuf writhes in agony.
Crazy Yiuf yells, "Mugger turtle water!"
Crazy Yiuf hits you with a +2 quarterstaff of chaos!
You are lethally poisoned!
Casting: Necrotise (safe; 1% risk of failure)
Confirm with . or Enter, or press ? or * to list all spells.
Aiming: Vampiric Draining (quite dangerous; 3% risk of failure)
Press: ? - help, Shift-Dir - straight line, f/p - Crazy Yiuf
Aim: Crazy Yiuf, wielding a +2 quarterstaff of chaos and wearing a +0 cloak (lightly wounded)
You draw life force from Crazy Yiuf.
You feel life coursing into your body.
You feel very sick.
Crazy Yiuf hits you with a +2 quarterstaff of chaos!
Ouch! That really hurt!
You die...

...'.'....'........>#
#.#
...###∩...#########.#
#.# ...# ###### #.#
#.# ##.# ### #.#
#.### #.# #...## #.#
###..####♣♣ **###
##.## ##....#.♣♣
♣♣#..)# #...#
##......♣♣♣♣@g...#
#####
##......♣..♣#...#
##.#..♣.♣♣♣**###
###♣♣♣♣♣ ### #.# #.#
#.#


You could see Crazy Yiuf.

Vanquished Creatures
  An adder (D:2)
  A worm (D:2)
  7 ball pythons
  2 bats (D:2)
  2 endoplasms
  2 giant cockroaches
  3 hobgoblins
  A quokka (D:1)
  2 goblins
  4 kobolds (D:2)
  7 rats
32 creatures vanquished.

Vanquished Creatures (collateral kills)
  A hobgoblin (D:1)
  A ball python (D:2)
  A rat (D:1)
3 creatures vanquished.

Grand Total: 35 creatures vanquished

Notes
Turn   | Place    | Note
-------+----------+-------------------------------------------
     0 | D:1      | pascalblue the Deep Elf Necromancer began the quest for the
                  | Orb.
     0 | D:1      | Reached XP level 1. HP: 10/10 MP: 6/6
    80 | D:1      | Reached skill level 5 in Necromancy
   300 | D:1      | Reached XP level 2. HP: 15/15 MP: 5/8
   639 | D:1      | Learned a level 1 spell: Necrotise
  1065 | D:2      | Reached XP level 3. HP: 19/19 MP: 6/10
  1075 | D:2      | Learned a level 3 spell: Vampiric Draining
  1585 | D:2      | Found Jibi Fus's Magic Scroll Shop.
  1646 | D:2      | Found a runed translucent door.
  1647 | D:2      | Noticed Crazy Yiuf
  1769 | D:2      | Slain by Crazy Yiuf

Illustrated notes

Levels and vault maps discovered:
D:1:      eino_arrival_cavern_b, layout_basic, grunt_decor_fettered,
          minmay_tiny_reverse_x
D:2:      layout_basic, serial_shops, shop, uniq_crazy_yiuf_cottage

Skill      XL: |  1  2  3 |
---------------+----------+-----
Necromancy     | 5 |  5.7
Spellcasting   | 4 |  4.3
Dodging        | |  2.4
Stealth        | |  2.4

Action                     || total
---------------------------++-------
   Cast: Necrotise         ||    52
         Vampiric Draining ||     1
    Use: Scroll            ||     7
 Armour: Robe              ||     2
  Dodge: Dodged            ||     9

Table legend: (Time is in decaauts)
 A = Elapsed time spent in this place.
 B = Non-inter-level travel time spent in this place.
 C = Inter-level travel time spent in this place.
 D = Time resting spent in this place.
 E = Time spent auto-exploring this place.
 F = Levels seen in this place.
 G = Mean time per level.
                   A        B        C        D        E       F      G
               +--------+--------+--------+--------+--------+-----+--------+
         Total |   1771 |   1740 |     31 |      0 |   1460 |   2 |  885.5 |
       Dungeon |   1771 |   1740 |     31 |      0 |   1460 |   2 |  885.5 |
               +--------+--------+--------+--------+--------+-----+--------+

Top non-repeatable levels by time:
     D:2: 935 daAuts
     D:1: 836 daAuts
